Capitals vs Blues
Created - 22 février 2014 at 22:57
Goals
|
| Capitals |
1 |
0 |
2 |
3 |
| Blues |
0 |
5 |
0 |
5 |
|
Shots
|
| Capitals |
8 |
8 |
13 |
29 |
| Blues |
9 |
17 |
6 |
32 |
|
1st period
1. Capitals , Bobby Ryan 19 (Nicklas Backstrom, Zach Parise) at 2:55
Penalties :
Brian Lee (STL) for Roughing (Minor) at 3:10, Bryce Salvador (Was) for Elbowing (Minor) at 4:18, Joe Corvo (Was) for Hooking (Minor) at 14:45
2nd period
2. Blues , Andy Sutton 2 (Travis Zajac, Jamie Langenbrunner) at 2:21
3. Blues , Travis Zajac 16 (Bryce Lampman, Jamie Langenbrunner) at 3:34
4. Blues , David Perron 17 (Jamie Langenbrunner, Travis Zajac) at 4:35 (PP)
5. Blues , Brent Burns 4 (David Perron, Travis Zajac) at 11:03 (PP)
6. Blues , Nigel Dawes 10 (Nik Antropov) at 11:07
Penalties :
Marian Hossa (Was) for Holding (Minor) at 4:03, Ryan Suter (Was) for Boarding (Minor) at 9:42, Bryce Lampman (STL) for Fighting (Major) at 19:55, Zach Parise (Was) for Fighting (Major) at 19:55
3rd period
7. Capitals , Chris Kunitz 10 (Braydon Coburn) at 14:59 (SH)
8. Capitals , Thomas Vanek 17 (Ryan Suter) at 19:05
Penalties :
Travis Zajac (STL) for Hooking (Minor) at 2:38, Andy Sutton (STL) for Holding Stick (Minor) at 7:30, Evgeni Malkin (Was) for Holding (Minor) at 14:17, Marian Hossa (Was) for Holding Stick (Minor) at 16:10, Chris Kunitz (Was) for Tripping (Minor) at 17:12, David Perron (STL) for Boarding (Minor) at 17:38
Goalie Stats
Niklas Backstrom (Was), 18 saves from 23 shots - (0,783), L, 11-14-3, 31:07 minutes
Nikolai Khabibulin (Was), 9 saves from 9 shots - (1,000), 28:53 minutes
Tuukka Rask (STL), 26 saves from 29 shots - (0,897), W, 16-15-3, 60:00 minutes
Players Stats for Capitals
Player Name G A P +/- PIM S H SB GA TA FO MP PP MP PK MP
------------------------------------------------------------------------------------
Adam Hall 0 0 0 0 0 0 0 0 0 0 0/0 6:55 0:12 0:00
Ales Hemsky 0 0 0 0 0 0 0 0 0 0 0/0 9:00 0:00 0:00
Anton Volchenkov 0 0 0 2 0 0 2 3 0 1 0/0 29:52 3:29 5:03
Bobby Ryan 1 0 1 -1 0 5 1 1 1 0 0/0 16:00 2:15 0:00
Braydon Coburn 0 1 1 0 0 1 0 0 0 0 0/0 24:09 2:03 4:56
Brooks Laich 0 0 0 0 0 0 0 0 0 2 2/7 11:05 0:00 0:57
Bryce Salvador 0 0 0 0 2 1 0 1 0 1 0/0 16:14 2:02 3:03
Chris Kunitz 1 0 1 1 2 3 1 0 0 0 1/2 9:36 0:28 2:01
Ed Jovanovski 0 0 0 -2 0 1 3 1 0 1 0/0 14:37 0:00 1:39
Evgeni Malkin 0 0 0 -1 2 5 1 0 1 1 10/18 20:07 3:05 1:44
Joe Corvo 0 0 0 0 2 0 1 1 0 0 0/0 12:50 0:00 2:37
Marian Hossa 0 0 0 0 4 5 2 0 1 0 0/1 20:22 3:05 1:59
Nicklas Backstrom 0 1 1 -1 0 0 0 0 0 0 12/20 16:00 2:15 0:00
Peter Regin 0 0 0 0 0 4 0 1 0 0 6/9 12:25 0:48 4:54
Ryan Suter 0 1 1 0 2 1 2 2 0 3 0/0 22:39 3:29 0:26
Steve Sullivan 0 0 0 0 0 0 1 0 0 0 0/0 10:21 0:33 0:25
Thomas Vanek 1 0 1 0 0 2 1 0 1 0 0/0 16:40 2:15 0:00
Zach Parise 0 1 1 0 5 1 1 0 1 0 1/3 19:12 1:40 4:39
Players Stats for Blues
Player Name G A P +/- PIM S H SB GA TA FO MP PP MP PK MP
------------------------------------------------------------------------------------
Andrew Cogliano 0 0 0 -2 0 0 0 0 0 0 2/5 7:22 0:00 0:00
Andy Sutton 1 0 1 1 2 2 3 0 0 0 0/0 14:33 0:00 2:12
Brent Burns 1 0 1 -3 0 2 1 1 0 0 0/0 24:06 5:21 3:19
Brian Lee 0 0 0 2 2 2 0 0 0 0 0/0 20:37 3:30 1:56
Bryce Lampman 0 1 1 1 5 0 0 0 0 0 0/0 20:50 3:00 1:09
Chad Kilger 0 0 0 -2 0 0 1 0 0 0 0/1 8:21 0:00 0:54
Dan Boyle 0 0 0 0 0 2 0 2 2 1 0/0 25:40 5:21 0:36
David Perron 1 1 2 2 2 2 4 0 0 0 0/0 19:54 3:55 0:54
Drew Fata 0 0 0 -1 0 0 0 2 0 0 0/0 14:52 0:00 1:52
Jamie Langenbrunner 0 3 3 2 0 3 2 0 0 1 0/1 19:20 3:26 1:28
Jarome Iginla 0 0 0 0 0 0 2 0 2 1 0/0 15:32 4:25 0:00
Matthew Lombardi 0 0 0 0 0 4 2 1 0 0 5/7 13:56 0:00 2:46
Michael Frolik 0 0 0 0 0 2 1 0 0 0 1/1 11:16 0:00 0:00
Nigel Dawes 1 0 1 0 0 3 0 0 0 0 1/2 15:39 4:25 0:00
Nik Antropov 0 1 1 0 0 3 6 2 1 2 6/16 17:00 4:25 1:28
Petr Schastlivy 0 0 0 0 0 0 0 1 1 0 0/0 13:56 0:00 2:46
Steve Bernier 0 0 0 -1 0 0 0 0 0 0 0/1 8:36 0:00 0:24
Travis Zajac 1 3 4 2 2 7 0 0 3 0 13/26 20:29 3:56 0:24
3 Stars
1 - Travis Zajac (STL)
2 - Jamie Langenbrunner (STL)
3 - David Perron (STL)
Power Play
Capitals - 0 on 4 Attempt(s) - 0,00%
Blues - 2 on 7 Attempt(s) - 28,57%
Penalty Kill
Capitals - 5 on 7 Attempt(s) - 71,43%
- Score 1 goal in Penalty Kill
Blues - 4 on 4 Attempt(s) - 100,00%
- Score 0 goal in Penalty Kill
Official
Referees : Banfield David and Walkom Stephen
Linesman : Lonnie Cameron and Scott Driscoll
Game Notes
Nikolai Khabibulin enters game at 11:07 of 2nd period
Zach Parise beats up Bryce Lampman at 19:55 of 2nd period
Finance
Level 1 -- Attendance: 5979 (99,65%) -- Ticket Income 508 215 $
Level 2 -- Attendance: 3493 (69,86%) -- Ticket Income 188 622 $
Level 3 -- Attendance: 1717 (85,85%) -- Ticket Income 53 227 $
Level 4 -- Attendance: 3867 (96,68%) -- Ticket Income 77 340 $
Luxury Box -- Attendance: 707 (70,70%) -- Ticket Income 121 604 $
Game was played at the Scotttrade center
Total Attendance: 15763 (87,57%)
Total Ticket Income: 949 008 $
Other Income: 142 351 $
Total Income: 1 091 359 $
Capitals
5 vs 5 Forward
Center Left Wing Right Wing Time % Phy DF OF
1 Evgeni Malkin Thomas Vanek Marian Hossa 40 1 1 3
2 Nicklas Backstrom Zach Parise Bobby Ryan 38 1 1 3
3 Brooks Laich Steve Sullivan Ales Hemsky 15 1 2 2
4 Peter Regin Chris Kunitz Adam Hall 7 1 2 2
5 vs 5 Defense
Defense Defense Time % Phy DF OF
1 Ryan Suter Anton Volchenkov 40 1 2 2
2 Braydon Coburn Ed Jovanovski 30 1 2 2
3 Joe Corvo Bryce Salvador 20 1 2 2
4 Anton Volchenkov Braydon Coburn 10 1 2 2
PowerPlay Forward
Center Left Wing Right Wing Time % Phy DF OF
1 Evgeni Malkin Zach Parise Marian Hossa 60 1 2 2
2 Nicklas Backstrom Thomas Vanek Bobby Ryan 40 1 2 2
PowerPlay Defense
Defense Defense Time % Phy DF OF
1 Ryan Suter Anton Volchenkov 60 1 2 2
2 Braydon Coburn Bryce Salvador 40 1 2 2
Penalty Kill 4 Players Forward
Center Wing Time % Phy DF OF
1 Peter Regin Zach Parise 60 1 2 2
2 Evgeni Malkin Marian Hossa 40 1 2 2
Penalty Kill 4 Players Defense
Defense Defense Time % Phy DF OF
1 Anton Volchenkov Braydon Coburn 60 1 2 2
2 Joe Corvo Bryce Salvador 40 1 2 2
Penalty Kill - 3 Players Forward
Forward Time % Phy DF OF
1 Marian Hossa 60 1 2 2
2 Evgeni Malkin 40 1 2 2
Penalty Kill - 3 Players Defense
Defense Defense Time % Phy DF OF
1 Anton Volchenkov Braydon Coburn 60 1 2 2
2 Joe Corvo Bryce Salvador 40 1 2 2
4 vs 4 Forward
Center Wing Time % Phy DF OF
1 Evgeni Malkin Marian Hossa 60 1 1 3
2 Zach Parise Thomas Vanek 40 1 1 3
4 vs 4 Defense
Defense Defense Time % Phy DF OF
1 Anton Volchenkov Ryan Suter 60 1 2 2
2 Braydon Coburn Bryce Salvador 40 1 2 2
Last Minutes Offensive
Center Left Wing Right Wing Defense Defense
Evgeni Malkin Zach Parise Marian Hossa Anton Volchenkov Ryan Suter
Last Minutes Defensive
Center Left Wing Right Wing Defense Defense
Evgeni Malkin Zach Parise Marian Hossa Anton Volchenkov Ryan Suter
Goaltenders
Starting : Niklas Backstrom
Backup : Nikolai Khabibulin
Extra Forwards
Normal : Zach Parise, Brooks Laich, Evgeni Malkin - PP : Peter Regin, Steve Sullivan - PK : Chris Kunitz
Extra Defensemen
Normal : Braydon Coburn, Ryan Suter, Anton Volchenkov - PP : Ed Jovanovski - PK : Ryan Suter, Ed Jovanovski
Penalty Shots
Marian Hossa, Evgeni Malkin, Zach Parise, Thomas Vanek, Nicklas Backstrom
Blues
5 vs 5 Forward
Center Left Wing Right Wing Time % Phy DF OF
1 Travis Zajac David Perron Jamie Langenbrunner 40 1 2 2
2 Nik Antropov Nigel Dawes Jarome Iginla 30 1 2 2
3 Matthew Lombardi Petr Schastlivy Michael Frolik 20 1 2 2
4 Andrew Cogliano Chad Kilger Steve Bernier 10 1 2 2
5 vs 5 Defense
Defense Defense Time % Phy DF OF
1 Dan Boyle Bryce Lampman 40 1 2 2
2 Drew Fata Brent Burns 30 1 2 2
3 Andy Sutton Brian Lee 20 1 2 2
4 Brian Lee Brent Burns 10 1 2 2
PowerPlay Forward
Center Left Wing Right Wing Time % Phy DF OF
1 Nik Antropov Nigel Dawes Jarome Iginla 60 1 2 2
2 Travis Zajac David Perron Jamie Langenbrunner 40 1 2 2
PowerPlay Defense
Defense Defense Time % Phy DF OF
1 Dan Boyle Brent Burns 60 1 2 2
2 Brian Lee Bryce Lampman 40 1 2 2
Penalty Kill 4 Players Forward
Center Wing Time % Phy DF OF
1 Matthew Lombardi Petr Schastlivy 60 1 2 2
2 Nik Antropov Jamie Langenbrunner 40 1 2 2
Penalty Kill 4 Players Defense
Defense Defense Time % Phy DF OF
1 Andy Sutton Brent Burns 60 1 2 2
2 Bryce Lampman Drew Fata 40 1 2 2
Penalty Kill - 3 Players Forward
Forward Time % Phy DF OF
1 Nik Antropov 60 1 2 2
2 Matthew Lombardi 40 1 2 2
Penalty Kill - 3 Players Defense
Defense Defense Time % Phy DF OF
1 Andy Sutton Bryce Lampman 60 1 2 2
2 Brent Burns Drew Fata 40 1 2 2
4 vs 4 Forward
Center Wing Time % Phy DF OF
1 Travis Zajac David Perron 60 1 2 2
2 Nik Antropov Jarome Iginla 40 1 2 2
4 vs 4 Defense
Defense Defense Time % Phy DF OF
1 Dan Boyle Brian Lee 60 1 2 2
2 Brent Burns Andy Sutton 40 1 2 2
Last Minutes Offensive
Center Left Wing Right Wing Defense Defense
Travis Zajac Petr Schastlivy Jarome Iginla Dan Boyle Brent Burns
Last Minutes Defensive
Center Left Wing Right Wing Defense Defense
Nik Antropov Petr Schastlivy Jamie Langenbrunner Bryce Lampman Drew Fata
Goaltenders
Starting : Tuukka Rask
Backup : Tim Thomas
Extra Forwards
Normal : Steve Bernier, Michael Frolik, Nigel Dawes - PP : Michael Frolik, Petr Schastlivy - PK : David Perron
Extra Defensemen
Normal : Brian Lee, Andy Sutton, Brent Burns - PP : Andy Sutton - PK : Brian Lee, Dan Boyle
Penalty Shots
David Perron, Nik Antropov, Jarome Iginla, Michael Frolik, Chad Kilger
% Time on Ice - Capitals
Lines # - Real PCT - Wanted PCT - Time Play
Normal Forward
1 - 33% - 40% - 14:14
2 - 31% - 38% - 13:46
3 - 21% - 15% - 9:00
4 - 15% - 7% - 6:43
Normal Defense
1 - 40% - 40% - 17:23
2 - 33% - 30% - 14:20
3 - 22% - 20% - 9:39
4 - 5% - 10% - 2:21
PP Forward
1 - 59% - 60% - 3:17
2 - 41% - 40% - 2:15
PP Defense
1 - 63% - 60% - 3:29
2 - 37% - 40% - 2:03
PK Forward
1 - 71% - 60% - 5:33
2 - 29% - 40% - 2:16
PK Defense
1 - 52% - 60% - 4:02
2 - 48% - 40% - 3:47
PK3 Forward
1 - 100% - 60% - 1:03
2 - 0% - 40% - 0:00
PK3 Defense
1 - 100% - 60% - 1:03
2 - 0% - 40% - 0:00
44 Forward
1 - 77% - 60% - 1:27
2 - 23% - 40% - 0:26
44 Defense
1 - 70% - 60% - 1:19
2 - 30% - 40% - 0:34
Last Minute Offensive - 0:00
Last Minute Defensive - 0:00
Total
Forward - 60:00
Defense - 60:00
|
% Time on Ice - Blues
Lines # - Real PCT - Wanted PCT - Time Play
Normal Forward
1 - 34% - 40% - 14:42
2 - 25% - 30% - 10:52
3 - 25% - 20% - 10:56
4 - 17% - 10% - 7:13
Normal Defense
1 - 42% - 40% - 18:10
2 - 31% - 30% - 13:22
3 - 24% - 20% - 10:17
4 - 4% - 10% - 1:54
PP Forward
1 - 59% - 60% - 4:55
2 - 41% - 40% - 3:26
PP Defense
1 - 64% - 60% - 5:21
2 - 36% - 40% - 3:00
PK Forward
1 - 73% - 60% - 4:04
2 - 27% - 40% - 1:28
PK Defense
1 - 59% - 60% - 3:16
2 - 41% - 40% - 2:16
PK3 Forward
1 - 0% - 60%
2 - 0% - 40%
PK3 Defense
1 - 0% - 60%
2 - 0% - 40%
44 Forward
1 - 91% - 60% - 2:11
2 - 9% - 40% - 0:13
44 Defense
1 - 86% - 60% - 2:04
2 - 14% - 40% - 0:20
Last Minute Offensive - 0:00
Last Minute Defensive - 0:00
Total
Forward - 60:00
Defense - 60:00
|
Play by Play
1st period
0:01 of 1st period - Evgeni Malkin wins face-off versus Travis Zajac in neutral zone.
0:04 of 1st period - Jamie Langenbrunner is hit by Ryan Suter and loses puck.
0:45 of 1st period - Icing by Bryce Lampman.
0:46 of 1st period - Nik Antropov wins face-off versus Brooks Laich in Blues zone.
0:57 of 1st period - Slapshot by Dan Boyle.
0:57 of 1st period - Stopped by Niklas Backstrom with a rebound.
1:37 of 1st period - Snap shot by Chris Kunitz.
1:37 of 1st period - Stopped by Tuukka Rask without a rebound.
1:38 of 1st period - Peter Regin wins face-off versus Andrew Cogliano in Blues zone.
1:43 of 1st period - Snap shot by Adam Hall.
1:43 of 1st period - Deflect By Chris Kunitz.
1:43 of 1st period - Shot Blocked by Drew Fata.
1:43 of 1st period - Puck is out of play.
1:44 of 1st period - Evgeni Malkin wins face-off versus Steve Bernier in Blues zone.
1:49 of 1st period - Snap shot by Evgeni Malkin.
1:49 of 1st period - Stopped by Tuukka Rask with a rebound.
1:51 of 1st period - Wrist shot by Evgeni Malkin.
1:51 of 1st period - Deflect By Thomas Vanek.
1:51 of 1st period - Shot Hit the Post.
1:51 of 1st period - Puck is out of play.
1:52 of 1st period - Evgeni Malkin wins face-off versus Nigel Dawes in Blues zone.
1:59 of 1st period - Wrist shot by Marian Hossa.
1:59 of 1st period - Stopped by Tuukka Rask with a rebound.
2:01 of 1st period - Slapshot by Braydon Coburn.
2:01 of 1st period - Shot Blocked by Nik Antropov.
2:03 of 1st period - Wrist shot by Thomas Vanek.
2:03 of 1st period - Shot Blocked by Nik Antropov.
2:26 of 1st period - Wrist shot by Michael Frolik.
2:26 of 1st period - Shot Blocked by Bobby Ryan.
2:55 of 1st period - Wrist shot by Bobby Ryan.
2:55 of 1st period - Goal by Bobby Ryan - Capitals : 1 - Blues : 0.
2:56 of 1st period - Travis Zajac wins face-off versus Evgeni Malkin in neutral zone.
3:03 of 1st period - Snap shot by Travis Zajac.
3:03 of 1st period - Shot Misses the Net.
3:10 of 1st period - Minor Penalty to Brian Lee for Roughing.
3:11 of 1st period - Matthew Lombardi wins face-off versus Evgeni Malkin in Blues zone.
3:27 of 1st period - Wrist shot by Evgeni Malkin.
3:27 of 1st period - Shot Misses the Net.
4:18 of 1st period - Minor Penalty to Bryce Salvador for Elbowing.
4:19 of 1st period - Travis Zajac wins face-off versus Evgeni Malkin in Capitals zone.
4:28 of 1st period - Slapshot by Dan Boyle.
4:28 of 1st period - Deflect By Travis Zajac.
4:28 of 1st period - Stopped by Niklas Backstrom with a rebound.
4:34 of 1st period - Travis Zajac is hit by Marian Hossa and loses puck.
4:45 of 1st period - Anton Volchenkov is hit by Nik Antropov and loses puck.
5:08 of 1st period - Travis Zajac is hit by Evgeni Malkin.
5:10 of 1st period - Penalty to Brian Lee is over, Brian Lee is back on ice.
6:18 of 1st period - Penalty to Bryce Salvador is over, Bryce Salvador is back on ice.
6:29 of 1st period - Snap shot by Matthew Lombardi.
6:29 of 1st period - Stopped by Niklas Backstrom without a rebound.
6:30 of 1st period - Evgeni Malkin wins face-off versus Matthew Lombardi in Capitals zone.
6:41 of 1st period - Bryce Lampman is hit by Ed Jovanovski and loses puck.
7:49 of 1st period - Off-side.
7:50 of 1st period - Nicklas Backstrom wins face-off versus Nik Antropov in neutral zone.
7:56 of 1st period - Icing by Nik Antropov.
7:57 of 1st period - Nicklas Backstrom wins face-off versus Nik Antropov in Blues zone.
8:10 of 1st period - Backhand shot by Bobby Ryan.
8:10 of 1st period - Stopped by Tuukka Rask with a rebound.
8:32 of 1st period - Snap shot by Travis Zajac.
8:32 of 1st period - Shot Misses the Net.
9:08 of 1st period - Wrist shot by Nik Antropov.
9:08 of 1st period - Stopped by Niklas Backstrom with a rebound.
9:10 of 1st period - Slapshot by Dan Boyle.
9:10 of 1st period - Shot Blocked by Anton Volchenkov.
9:12 of 1st period - Wrist shot by Nik Antropov.
9:12 of 1st period - Stopped by Niklas Backstrom without a rebound.
9:13 of 1st period - Evgeni Malkin wins face-off versus Nik Antropov in Capitals zone.
9:20 of 1st period - Nik Antropov is hit by Ryan Suter and loses puck.
9:53 of 1st period - Snap shot by Nik Antropov.
9:53 of 1st period - Shot Misses the Net.
9:55 of 1st period - Snap shot by Nik Antropov.
9:55 of 1st period - Shot Misses the Net.
9:57 of 1st period - Snap shot by Andy Sutton.
9:57 of 1st period - Stopped by Niklas Backstrom with a rebound.
9:59 of 1st period - Wrist shot by Nik Antropov.
9:59 of 1st period - Shot Blocked by Anton Volchenkov.
10:27 of 1st period - Snap shot by Nik Antropov.
10:27 of 1st period - Shot Misses the Net.
10:29 of 1st period - Slapshot by Nigel Dawes.
10:29 of 1st period - Deflect By Nik Antropov.
10:29 of 1st period - Shot Misses the Net.
10:29 of 1st period - Puck is out of play.
10:30 of 1st period - Nicklas Backstrom wins face-off versus Travis Zajac in Capitals zone.
10:30 of 1st period - Nicklas Backstrom is hit by Jamie Langenbrunner.
10:38 of 1st period - Snap shot by Jamie Langenbrunner.
10:38 of 1st period - Stopped by Niklas Backstrom with a rebound.
10:58 of 1st period - Slapshot by Ed Jovanovski.
10:58 of 1st period - Shot Misses the Net.
11:06 of 1st period - Wrist shot by Michael Frolik.
11:06 of 1st period - Stopped by Niklas Backstrom with a rebound.
11:24 of 1st period - Wrist shot by Chad Kilger.
11:24 of 1st period - Shot Misses the Net.
12:12 of 1st period - Wrist shot by Zach Parise.
12:12 of 1st period - Shot Misses the Net.
12:14 of 1st period - Snap shot by Bobby Ryan.
12:14 of 1st period - Stopped by Tuukka Rask without a rebound.
12:15 of 1st period - Nicklas Backstrom wins face-off versus Travis Zajac in Blues zone.
13:05 of 1st period - Peter Regin is hit by Matthew Lombardi and loses puck.
13:15 of 1st period - Icing by Anton Volchenkov.
13:16 of 1st period - Andrew Cogliano wins face-off versus Chris Kunitz in Capitals zone.
13:19 of 1st period - Wrist shot by Travis Zajac.
13:19 of 1st period - Shot Misses the Net.
13:21 of 1st period - Slapshot by Brent Burns.
13:21 of 1st period - Shot Misses the Net.
13:23 of 1st period - Backhand shot by Brent Burns.
13:23 of 1st period - Shot Blocked by Peter Regin.
13:25 of 1st period - Slapshot by Brent Burns.
13:25 of 1st period - Shot Blocked by Ryan Suter.
13:27 of 1st period - Wrist shot by Travis Zajac.
13:27 of 1st period - Stopped by Niklas Backstrom with a rebound.
14:21 of 1st period - Travis Zajac is hit by Ed Jovanovski and loses puck.
14:45 of 1st period - Minor Penalty to Joe Corvo for Hooking.
14:46 of 1st period - Nik Antropov wins face-off versus Peter Regin in Capitals zone.
16:25 of 1st period - Bryce Lampman is hit by Marian Hossa and loses puck.
16:45 of 1st period - Penalty to Joe Corvo is over, Joe Corvo is back on ice.
17:11 of 1st period - Snap shot by Evgeni Malkin.
17:11 of 1st period - Shot Misses the Net.
18:14 of 1st period - Snap shot by Peter Regin.
18:14 of 1st period - Stopped by Tuukka Rask with a rebound.
18:16 of 1st period - Slapshot by Braydon Coburn.
18:16 of 1st period - Shot Blocked by Dan Boyle.
18:18 of 1st period - Snap shot by Chris Kunitz.
18:18 of 1st period - Stopped by Tuukka Rask without a rebound.
18:19 of 1st period - Travis Zajac wins face-off versus Zach Parise in Blues zone.
18:31 of 1st period - Nicklas Backstrom is hit by David Perron and loses puck.
19:13 of 1st period - Snap shot by Andrew Cogliano.
19:13 of 1st period - Shot Misses the Net.
19:15 of 1st period - Wrist shot by Andrew Cogliano.
19:15 of 1st period - Shot Blocked by Joe Corvo.
19:58 of 1st period - Dan Boyle is hit by Ed Jovanovski and loses puck.
Goals for this period are 1 for Capitals vs 0 for Blues.
Shots for this period are 8 for Capitals vs 9 for Blues.
2nd period
0:01 of 2nd period - Travis Zajac wins face-off versus Nicklas Backstrom in neutral zone.
0:28 of 2nd period - Wrist shot by Marian Hossa.
0:28 of 2nd period - Stopped by Tuukka Rask without a rebound.
0:29 of 2nd period - Evgeni Malkin wins face-off versus Nik Antropov in Blues zone.
0:38 of 2nd period - Wrist shot by Marian Hossa.
0:38 of 2nd period - Shot Misses the Net.
0:54 of 2nd period - David Perron is hit by Zach Parise.
0:58 of 2nd period - Nicklas Backstrom is hit by David Perron and loses puck.
1:17 of 2nd period - Snap shot by Steve Sullivan.
1:17 of 2nd period - Deflect By Matthew Lombardi.
1:17 of 2nd period - Shot Misses the Net.
1:17 of 2nd period - Puck is out of play.
1:18 of 2nd period - Matthew Lombardi wins face-off versus Brooks Laich in Blues zone.
1:27 of 2nd period - Ryan Suter is hit by Michael Frolik and loses puck.
1:40 of 2nd period - Snap shot by Petr Schastlivy.
1:40 of 2nd period - Shot Misses the Net.
1:42 of 2nd period - Snap shot by Petr Schastlivy.
1:42 of 2nd period - Shot Misses the Net.
1:58 of 2nd period - Snap shot by Dan Boyle.
1:58 of 2nd period - Shot Blocked by Anton Volchenkov.
2:00 of 2nd period - Snap shot by Matthew Lombardi.
2:00 of 2nd period - Stopped by Niklas Backstrom with a rebound.
2:04 of 2nd period - Wrist shot by Matthew Lombardi.
2:04 of 2nd period - Stopped by Niklas Backstrom without a rebound.
2:05 of 2nd period - Nicklas Backstrom wins face-off versus Travis Zajac in Capitals zone.
2:05 of 2nd period - Nicklas Backstrom is hit by Andy Sutton.
2:19 of 2nd period - Snap shot by Travis Zajac.
2:19 of 2nd period - Stopped by Niklas Backstrom with a rebound.
2:21 of 2nd period - Slapshot by Andy Sutton.
2:21 of 2nd period - Deflect By Bobby Ryan.
2:21 of 2nd period - Goal by Andy Sutton - Capitals : 1 - Blues : 1.
2:22 of 2nd period - Travis Zajac wins face-off versus Nicklas Backstrom in neutral zone.
2:47 of 2nd period - Ryan Suter is hit by Nik Antropov and loses puck.
3:14 of 2nd period - Wrist shot by Marian Hossa.
3:14 of 2nd period - Shot Blocked by Matthew Lombardi.
3:16 of 2nd period - Wrist shot by Anton Volchenkov.
3:16 of 2nd period - Shot Blocked by Petr Schastlivy.
3:18 of 2nd period - Wrist shot by Thomas Vanek.
3:18 of 2nd period - Deflect By Marian Hossa.
3:18 of 2nd period - Stopped by Tuukka Rask without a rebound.
3:19 of 2nd period - Travis Zajac wins face-off versus Nicklas Backstrom in Blues zone.
3:28 of 2nd period - Slapshot by Jamie Langenbrunner.
3:28 of 2nd period - Stopped by Niklas Backstrom with a rebound.
3:30 of 2nd period - Slapshot by Dan Boyle.
3:30 of 2nd period - Deflect By Nicklas Backstrom.
3:30 of 2nd period - Stopped by Niklas Backstrom with a rebound.
3:32 of 2nd period - Slapshot by Jamie Langenbrunner.
3:32 of 2nd period - Shot Misses the Net.
3:34 of 2nd period - Slapshot by Bryce Lampman.
3:34 of 2nd period - Deflect By Travis Zajac.
3:34 of 2nd period - Goal by Travis Zajac - Capitals : 1 - Blues : 2.
3:35 of 2nd period - Zach Parise wins face-off versus Travis Zajac in neutral zone.
3:50 of 2nd period - Wrist shot by Travis Zajac.
3:50 of 2nd period - Stopped by Niklas Backstrom without a rebound.
3:51 of 2nd period - Nik Antropov wins face-off versus Evgeni Malkin in Capitals zone.
4:03 of 2nd period - Minor Penalty to Marian Hossa for Holding.
4:04 of 2nd period - Peter Regin wins face-off versus Nik Antropov in Capitals zone.
4:35 of 2nd period - Snap shot by David Perron.
4:35 of 2nd period - Goal by David Perron - Capitals : 1 - Blues : 3.
4:36 of 2nd period - Travis Zajac wins face-off versus Nicklas Backstrom in neutral zone.
6:32 of 2nd period - Icing by Brian Lee.
6:33 of 2nd period - Evgeni Malkin wins face-off versus Andrew Cogliano in Blues zone.
7:05 of 2nd period - Wrist shot by Zach Parise.
7:05 of 2nd period - Stopped by Tuukka Rask with a rebound.
7:07 of 2nd period - Slapshot by Bryce Salvador.
7:07 of 2nd period - Stopped by Tuukka Rask with a rebound.
7:53 of 2nd period - Snap shot by Michael Frolik.
7:53 of 2nd period - Stopped by Niklas Backstrom with a rebound.
8:57 of 2nd period - Wrist shot by Nigel Dawes.
8:57 of 2nd period - Stopped by Niklas Backstrom with a rebound.
9:42 of 2nd period - Minor Penalty to Ryan Suter for Boarding.
9:43 of 2nd period - Peter Regin wins face-off versus Nik Antropov in Capitals zone.
9:43 of 2nd period - Peter Regin is hit by Nik Antropov.
10:59 of 2nd period - Slapshot by Brent Burns.
10:59 of 2nd period - Stopped by Niklas Backstrom with a rebound.
11:01 of 2nd period - Wrist shot by David Perron.
11:01 of 2nd period - Shot Misses the Net.
11:03 of 2nd period - Slapshot by Brent Burns.
11:03 of 2nd period - Goal by Brent Burns - Capitals : 1 - Blues : 4.
11:04 of 2nd period - Nik Antropov wins face-off versus Evgeni Malkin in neutral zone.
11:07 of 2nd period - Wrist shot by Nigel Dawes.
11:07 of 2nd period - Goal by Nigel Dawes - Capitals : 1 - Blues : 5.
11:07 of 2nd period - Nikolai Khabibulin enters game.
11:08 of 2nd period - Evgeni Malkin wins face-off versus Travis Zajac in neutral zone.
11:23 of 2nd period - Snap shot by Evgeni Malkin.
11:23 of 2nd period - Stopped by Tuukka Rask without a rebound.
11:24 of 2nd period - Nicklas Backstrom wins face-off versus Nik Antropov in Blues zone.
11:58 of 2nd period - Evgeni Malkin is hit by David Perron.
12:32 of 2nd period - Wrist shot by Peter Regin.
12:32 of 2nd period - Stopped by Tuukka Rask without a rebound.
12:33 of 2nd period - Michael Frolik wins face-off versus Peter Regin in Blues zone.
12:46 of 2nd period - Wrist shot by Joe Corvo.
12:46 of 2nd period - Shot Blocked by Dan Boyle.
12:48 of 2nd period - Snap shot by Chris Kunitz.
12:48 of 2nd period - Shot Misses the Net.
12:58 of 2nd period - Nicklas Backstrom is hit by Jamie Langenbrunner and loses puck.
13:05 of 2nd period - Slapshot by Jamie Langenbrunner.
13:05 of 2nd period - Stopped by Nikolai Khabibulin without a rebound.
13:06 of 2nd period - Evgeni Malkin wins face-off versus Travis Zajac in Capitals zone.
15:50 of 2nd period - Off-side.
15:51 of 2nd period - Peter Regin wins face-off versus Chad Kilger in neutral zone.
15:54 of 2nd period - Brent Burns is hit by Chris Kunitz and loses puck.
16:01 of 2nd period - Snap shot by Peter Regin.
16:01 of 2nd period - Shot Blocked by Drew Fata.
16:03 of 2nd period - Slapshot by Braydon Coburn.
16:03 of 2nd period - Stopped by Tuukka Rask without a rebound.
16:04 of 2nd period - Nicklas Backstrom wins face-off versus Jamie Langenbrunner in Blues zone.
16:17 of 2nd period - Wrist shot by Jamie Langenbrunner.
16:17 of 2nd period - Shot Misses the Net.
16:19 of 2nd period - Slapshot by Bryce Lampman.
16:19 of 2nd period - Deflect By Jamie Langenbrunner.
16:19 of 2nd period - Shot Misses the Net.
16:19 of 2nd period - Puck is out of play.
16:20 of 2nd period - Nigel Dawes wins face-off versus Evgeni Malkin in Capitals zone.
17:14 of 2nd period - Marian Hossa is hit by Brent Burns and loses puck.
17:19 of 2nd period - Snap shot by Andrew Cogliano.
17:19 of 2nd period - Shot Blocked by Ed Jovanovski.
17:29 of 2nd period - Snap shot by Travis Zajac.
17:29 of 2nd period - Stopped by Nikolai Khabibulin without a rebound.
17:30 of 2nd period - Nicklas Backstrom wins face-off versus Travis Zajac in Capitals zone.
17:30 of 2nd period - Nicklas Backstrom is hit by Andy Sutton.
17:42 of 2nd period - Wrist shot by Nicklas Backstrom.
17:42 of 2nd period - Shot Misses the Net.
17:56 of 2nd period - Andy Sutton is hit by Joe Corvo.
19:28 of 2nd period - Off-side.
19:29 of 2nd period - Nik Antropov wins face-off versus Peter Regin in neutral zone.
19:34 of 2nd period - Wrist shot by Peter Regin.
19:34 of 2nd period - Stopped by Tuukka Rask with a rebound.
19:38 of 2nd period - Snap shot by Chris Kunitz.
19:38 of 2nd period - Deflect By Adam Hall.
19:38 of 2nd period - Shot Misses the Net.
19:38 of 2nd period - Puck is out of play.
19:39 of 2nd period - Nicklas Backstrom wins face-off versus Travis Zajac in Blues zone.
19:50 of 2nd period - Snap shot by Jamie Langenbrunner.
19:50 of 2nd period - Deflect By David Perron.
19:50 of 2nd period - Stopped by Nikolai Khabibulin without a rebound.
19:51 of 2nd period - Nicklas Backstrom wins face-off versus Travis Zajac in Capitals zone.
19:55 of 2nd period - Zach Parise beats up Bryce Lampman.
19:55 of 2nd period - Penalty to Bryce Lampman for Fighting.
19:55 of 2nd period - Penalty to Zach Parise for Fighting.
19:56 of 2nd period - Travis Zajac wins face-off versus Nicklas Backstrom in Capitals zone.
Goals for this period are 0 for Capitals vs 5 for Blues.
Shots for this period are 8 for Capitals vs 17 for Blues.
3rd period
0:01 of 3rd period - Travis Zajac wins face-off versus Nicklas Backstrom in neutral zone.
0:03 of 3rd period - Off-side.
0:04 of 3rd period - Nicklas Backstrom wins face-off versus Travis Zajac in neutral zone.
0:11 of 3rd period - Slapshot by Ryan Suter.
0:11 of 3rd period - Deflect By Bobby Ryan.
0:11 of 3rd period - Stopped by Tuukka Rask without a rebound.
0:12 of 3rd period - Travis Zajac wins face-off versus Evgeni Malkin in Blues zone.
0:41 of 3rd period - Brent Burns is hit by Anton Volchenkov and loses puck.
0:46 of 3rd period - Snap shot by Evgeni Malkin.
0:46 of 3rd period - Shot Misses the Net.
0:48 of 3rd period - Slapshot by Thomas Vanek.
0:48 of 3rd period - Shot Blocked by Brent Burns.
0:50 of 3rd period - Snap shot by Evgeni Malkin.
0:50 of 3rd period - Stopped by Tuukka Rask with a rebound.
0:52 of 3rd period - Wrist shot by Evgeni Malkin.
0:52 of 3rd period - Stopped by Tuukka Rask without a rebound.
0:53 of 3rd period - Travis Zajac wins face-off versus Nicklas Backstrom in Blues zone.
0:53 of 3rd period - Travis Zajac is hit by Bobby Ryan.
1:09 of 3rd period - Slapshot by Bobby Ryan.
1:09 of 3rd period - Stopped by Tuukka Rask with a rebound.
2:05 of 3rd period - Snap shot by Evgeni Malkin.
2:05 of 3rd period - Stopped by Tuukka Rask without a rebound.
2:06 of 3rd period - Nicklas Backstrom wins face-off versus Andrew Cogliano in Blues zone.
2:16 of 3rd period - Wrist shot by Nicklas Backstrom.
2:16 of 3rd period - Shot Misses the Net.
2:18 of 3rd period - Snap shot by Ryan Suter.
2:18 of 3rd period - Stopped by Tuukka Rask without a rebound.
2:19 of 3rd period - Brooks Laich wins face-off versus Travis Zajac in Blues zone.
2:38 of 3rd period - Minor Penalty to Travis Zajac for Hooking.
2:39 of 3rd period - Evgeni Malkin wins face-off versus Matthew Lombardi in Blues zone.
3:14 of 3rd period - Bryce Salvador is hit by Matthew Lombardi and loses puck.
4:38 of 3rd period - Penalty to Travis Zajac is over, Travis Zajac is back on ice.
4:51 of 3rd period - Ales Hemsky is hit by Nik Antropov and loses puck.
5:04 of 3rd period - Braydon Coburn is hit by Chad Kilger and loses puck.
5:19 of 3rd period - Ed Jovanovski is hit by David Perron and loses puck.
5:38 of 3rd period - Dan Boyle is hit by Steve Sullivan and loses puck.
6:13 of 3rd period - Brent Burns is hit by Thomas Vanek and loses puck.
7:30 of 3rd period - Minor Penalty to Andy Sutton for Holding Stick.
7:31 of 3rd period - Matthew Lombardi wins face-off versus Zach Parise in Blues zone.
7:37 of 3rd period - Icing by Anton Volchenkov.
7:38 of 3rd period - Matthew Lombardi wins face-off versus Evgeni Malkin in Capitals zone.
7:43 of 3rd period - Snap shot by Brent Burns.
7:43 of 3rd period - Shot Blocked by Ryan Suter.
7:45 of 3rd period - Slapshot by Petr Schastlivy.
7:45 of 3rd period - Deflect By Matthew Lombardi.
7:45 of 3rd period - Stopped by Nikolai Khabibulin with a rebound.
9:06 of 3rd period - Nicklas Backstrom is hit by Nik Antropov and loses puck.
9:30 of 3rd period - Penalty to Andy Sutton is over, Andy Sutton is back on ice.
9:31 of 3rd period - Marian Hossa is hit by Andy Sutton and loses puck.
9:44 of 3rd period - Braydon Coburn is hit by Jarome Iginla and loses puck.
9:49 of 3rd period - Snap shot by Jarome Iginla.
9:49 of 3rd period - Shot Blocked by Bryce Salvador.
9:51 of 3rd period - Snap shot by Nik Antropov.
9:51 of 3rd period - Stopped by Nikolai Khabibulin with a rebound.
9:53 of 3rd period - Snap shot by Nigel Dawes.
9:53 of 3rd period - Stopped by Nikolai Khabibulin with a rebound.
10:16 of 3rd period - Off-side.
10:17 of 3rd period - Andrew Cogliano wins face-off versus Brooks Laich in neutral zone.
11:00 of 3rd period - Slapshot by Marian Hossa.
11:00 of 3rd period - Stopped by Tuukka Rask with a rebound.
11:34 of 3rd period - Slapshot by Peter Regin.
11:34 of 3rd period - Stopped by Tuukka Rask with a rebound.
11:36 of 3rd period - Snap shot by Chris Kunitz.
11:36 of 3rd period - Shot Misses the Net.
12:34 of 3rd period - Slapshot by Ed Jovanovski.
12:34 of 3rd period - Stopped by Tuukka Rask with a rebound.
14:17 of 3rd period - Minor Penalty to Evgeni Malkin for Holding.
14:18 of 3rd period - Peter Regin wins face-off versus Nik Antropov in Capitals zone.
14:26 of 3rd period - Zach Parise is hit by Jarome Iginla.
14:59 of 3rd period - Slapshot by Chris Kunitz.
14:59 of 3rd period - Goal by Chris Kunitz - Capitals : 2 - Blues : 5.
15:00 of 3rd period - Peter Regin wins face-off versus Nik Antropov in neutral zone.
15:37 of 3rd period - Wrist shot by Travis Zajac.
15:37 of 3rd period - Stopped by Nikolai Khabibulin with a rebound.
15:45 of 3rd period - Brian Lee is hit by Anton Volchenkov and loses puck.
16:10 of 3rd period - Minor Penalty to Marian Hossa for Holding Stick.
16:11 of 3rd period - Chris Kunitz wins face-off versus Nik Antropov in Capitals zone.
16:17 of 3rd period - Penalty to Evgeni Malkin is over, Evgeni Malkin is back on ice.
16:31 of 3rd period - Zach Parise is hit by Nik Antropov and loses puck.
17:12 of 3rd period - Minor Penalty to Chris Kunitz for Tripping.
17:13 of 3rd period - Nik Antropov wins face-off versus Brooks Laich in Capitals zone.
17:18 of 3rd period - Wrist shot by Jarome Iginla.
17:18 of 3rd period - Shot Misses the Net.
17:38 of 3rd period - Minor Penalty to David Perron for Boarding.
17:39 of 3rd period - Brooks Laich wins face-off versus Travis Zajac in Blues zone.
17:54 of 3rd period - Slapshot by Brian Lee.
17:54 of 3rd period - Stopped by Nikolai Khabibulin without a rebound.
17:55 of 3rd period - Travis Zajac wins face-off versus Brooks Laich in Capitals zone.
18:06 of 3rd period - Slapshot by Brian Lee.
18:06 of 3rd period - Stopped by Nikolai Khabibulin with a rebound.
18:10 of 3rd period - Penalty to Marian Hossa is over, Marian Hossa is back on ice.
19:03 of 3rd period - Snap shot by Thomas Vanek.
19:03 of 3rd period - Stopped by Tuukka Rask with a rebound.
19:05 of 3rd period - Wrist shot by Thomas Vanek.
19:05 of 3rd period - Goal by Thomas Vanek - Capitals : 3 - Blues : 5.
19:06 of 3rd period - Travis Zajac wins face-off versus Marian Hossa in neutral zone.
19:12 of 3rd period - Penalty to Chris Kunitz is over, Chris Kunitz is back on ice.
19:35 of 3rd period - Snap shot by Marian Hossa.
19:35 of 3rd period - Stopped by Tuukka Rask without a rebound.
19:36 of 3rd period - Matthew Lombardi wins face-off versus Nicklas Backstrom in Blues zone.
19:38 of 3rd period - Penalty to David Perron is over, David Perron is back on ice.
Goals for this period are 2 for Capitals vs 0 for Blues.
Shots for this period are 13 for Capitals vs 6 for Blues.
Output by the SimonT Hockey Simulator (STHS) for François Prévost -- Original Page W3C XHTML 1.0 Valid